CRL
SALEM REBELS @ LYNCHBURG HILLCATS
07/31/1982
 
TOP OF THE 1ST
Salem Rebels batting - Pitching for Lynchburg Hillcats : RHP Chuck Davis
Pitching: RHP Chuck Davis
Batting: RHB Daniel Szajko 0-0: Ball
1-0: Ground out 6-3 (Groundball, 4MS, EV 66.3 MPH)
Batting: RHB David Smith 0-0: Called Strike
0-1: Called Strike
0-2: Fly out, F3 (Popup, 23F, EV 78.1 MPH)
Batting: RHB Glenn Jones 0-0: Foul Ball, location: 2F
0-1: Fly out, F7 (Flyball, 78M, EV 86.3 MPH)
Top of the 1st over - 0 runs, 0 hits, 0 errors, 0 left on base; Salem 0 - Lynchburg 0
BOTTOM OF THE 1ST
Lynchburg Hillcats batting - Pitching for Salem Rebels : RHP John Hessler
Pitching: RHP John Hessler
Batting: RHB Ronald Lee 0-0: Fly out, F9 (Flyball, 9D, EV 100.0 MPH)
Batting: RHB Russ Quetti 0-0: Fly out, F9 (Flyball, 89S, EV 83.8 MPH)
Batting: RHB William Lajoie 0-0: Ball
1-0: Swinging Strike
1-1: Swinging Strike
1-2: Ball
2-2: Strikes out swinging
Bottom of the 1st over - 0 runs, 0 hits, 0 errors, 0 left on base; Salem 0 - Lynchburg 0
TOP OF THE 2ND
Salem Rebels batting - Pitching for Lynchburg Hillcats : RHP Chuck Davis
Batting: RHB John Schaive 0-0: Ball
1-0: Called Strike
1-1: Ball
2-1: SINGLE (Groundball, 6D, EV 103.8 MPH)
Batting: RHB Gary Leslie 0-0: Ball
1-0: Ball
2-0: Foul Ball, location: 2F
2-1: Called Strike
2-2: Ball
3-2: Base on Balls
John Schaive to second
Batting: RHB Steven Schields 0-0: Ball
1-0: Called Strike
1-1: Swinging Strike
1-2: Ball
2-2: Foul Ball, location: 2F
2-2: Strikes out swinging
Batting: RHB Michael Murray 0-0: Called Strike
0-1: Ball
1-1: Ball
2-1: Ball
3-1: Base on Balls
John Schaive to third
Gary Leslie to second
Batting: RHB Michael Guerra 0-0: Foul Ball, location: 2F
0-1: Foul Ball, location: 2F
0-2: DOUBLE (Flyball, 89D, EV 92.5 MPH)
John Schaive scores
Gary Leslie scores
Michael Murray to third
Runner from 3rd tries for Home, SAFE, throw by RF to trailing runner, SAFE at third!
Batting: RHB Dwayne Wright 0-0: Swinging Strike
0-1: Fly out, F9 (Line Drive, 9D, EV 93.1 MPH)
Runner from 3rd tags up, OUT at HOME! 9-2
Top of the 2nd over - 3 runs, 2 hits, 0 errors, 0 left on base; Salem 3 - Lynchburg 0
BOTTOM OF THE 2ND
Lynchburg Hillcats batting - Pitching for Salem Rebels : RHP John Hessler
Batting: RHB Richard Witt 0-0: Ball
1-0: Called Strike
1-1: Ground out 5-3 (Groundball, 5, EV 80.6 MPH)
Batting: RHB Kenneth Tillman 0-0: Ball
1-0: Foul Ball, location: 2F
1-1: Foul Ball, location: 2F
1-2: Strikes out swinging
Batting: LHB Harold Warner 0-0: Foul Ball, location: 2F
0-1: Hit by Pitch
Batting: RHB Frederic Wade 0-0: Ball
1-0: TRIPLE (Flyball, 89XD, EV 110.0 MPH)
Harold Warner scores
Batting: LHB Eb MacDonald 0-0: Foul Ball, location: 2F
0-1: SINGLE (Groundball, 6MD, EV 96.3 MPH)
Frederic Wade scores
Batting: RHB Felix Estrada 0-0: DOUBLE (Line Drive, 8LD, EV 103.1 MPH)
Eb MacDonald to third
Runner from 3rd tries for Home, SAFE, throw by CF to home
Batting: RHB Ronald Lee 0-0: Ball
1-0: SINGLE (Line Drive, 56D, EV 100.0 MPH)
Felix Estrada to third
Runner from 3rd tries for Home, SAFE, throw by LF to home
Batting: RHB Russ Quetti 0-0: Called Strike
0-1: Fly out, F7 (Flyball, 7, EV 97.5 MPH)
Bottom of the 2nd over - 4 runs, 4 hits, 0 errors, 1 left on base; Salem 3 - Lynchburg 4
TOP OF THE 3RD
Salem Rebels batting - Pitching for Lynchburg Hillcats : RHP Chuck Davis
Batting: RHB Daniel Szajko 0-0: Fly out, F4 (Popup, 4S, EV 83.1 MPH)
Batting: RHB David Smith 0-0: Called Strike
0-1: Swinging Strike
0-2: Foul Ball, location: 2F
0-2: DOUBLE (Line Drive, 9LS, EV 104.4 MPH)
Batting: RHB Glenn Jones 0-0: Called Strike
0-1: Foul Ball, location: 2F
0-2: Ball
1-2: Ball
2-2: Ball
3-2: SINGLE (Groundball, 6MD, EV 103.1 MPH)
David Smith to third
Batting: RHB John Schaive 0-0: Ball
Glenn Jones steals 2nd base (no throw)
1-0: Called Strike
1-1: Called Strike
1-2: Ball
2-2: Ground out 4-3 (Groundball, 4M, EV 81.9 MPH)
David Smith scores
Glenn Jones to third
Batting: RHB Gary Leslie 0-0: Ball
1-0: Ball
2-0: Called Strike
2-1: Ball
3-1: Ground out 3-1 (Groundball, 34, EV 93.1 MPH)
Top of the 3rd over - 1 run, 2 hits, 0 errors, 1 left on base; Salem 4 - Lynchburg 4
BOTTOM OF THE 3RD
Lynchburg Hillcats batting - Pitching for Salem Rebels : RHP John Hessler
Batting: RHB William Lajoie 0-0: Ground out 5-3 (Groundball, 56, EV 101.3 MPH)
Batting: RHB Richard Witt 0-0: Foul Ball, location: 2F
0-1: Ball
1-1: Fly out, F9 (Flyball, 9D, EV 68.1 MPH)
Batting: RHB Kenneth Tillman 0-0: Ball
1-0: Ball
2-0: Foul Ball, location: 2F
2-1: Ball
3-1: Foul Ball, location: 2F
3-2: Foul Ball, location: 2F
3-2: Fly out, F7 (Flyball, 7D, EV 98.1 MPH)
Bottom of the 3rd over - 0 runs, 0 hits, 0 errors, 0 left on base; Salem 4 - Lynchburg 4
TOP OF THE 4TH
Salem Rebels batting - Pitching for Lynchburg Hillcats : RHP Chuck Davis
Batting: RHB Steven Schields 0-0: Called Strike
0-1: Bunt missed!
0-2: Foul Ball, location: 2F
0-2: Ground out 6-3 (Groundball, 6D, EV 98.1 MPH)
Batting: RHB Michael Murray 0-0: Foul Ball, location: 2F
0-1: Called Strike
0-2: Ball
1-2: Foul Ball, location: 2F
1-2: Ground out 5-3 (Groundball, 56, EV 103.1 MPH)
Batting: RHB Michael Guerra 0-0: Fly out, F9 (Flyball, 9LM, EV 89.4 MPH)
Top of the 4th over - 0 runs, 0 hits, 0 errors, 0 left on base; Salem 4 - Lynchburg 4
BOTTOM OF THE 4TH
Lynchburg Hillcats batting - Pitching for Salem Rebels : RHP John Hessler
Batting: LHB Harold Warner 0-0: Fly out, F6 (Line Drive, 6, EV 70.0 MPH)
Batting: RHB Frederic Wade 0-0: Ball
1-0: Fly out, F9 (Flyball, 9LD, EV 97.5 MPH)
Batting: LHB Eb MacDonald 0-0: Ball
1-0: Called Strike
1-1: Ball
2-1: Called Strike
2-2: Ground out 4-3 (Groundball, 4, EV 81.9 MPH)
Bottom of the 4th over - 0 runs, 0 hits, 0 errors, 0 left on base; Salem 4 - Lynchburg 4
TOP OF THE 5TH
Salem Rebels batting - Pitching for Lynchburg Hillcats : RHP Chuck Davis
Batting: RHB Dwayne Wright 0-0: Foul Ball, location: 2F
0-1: Foul Ball, location: 2F
0-2: Strikes out swinging
Batting: RHB Daniel Szajko 0-0: Ball
1-0: Ball
2-0: Foul Ball, location: 2F
2-1: Called Strike
2-2: Foul Ball, location: 2F
2-2: Ball
3-2: SINGLE (Groundball, 34D, EV 106.3 MPH)
Batting: RHB David Smith 0-0: Ball
Daniel Szajko is caught stealing 2nd base 2-4
1-0: Called Strike
1-1: Swinging Strike
1-2: Ball
2-2: SINGLE (Line Drive, 89S, EV 106.3 MPH)
Batting: RHB Glenn Jones 0-0: Ball
1-0: Ball
2-0: Called Strike
2-1: Ground out 1-3 (Groundball, 13S, EV 66.9 MPH)
Top of the 5th over - 0 runs, 2 hits, 0 errors, 1 left on base; Salem 4 - Lynchburg 4
BOTTOM OF THE 5TH
Lynchburg Hillcats batting - Pitching for Salem Rebels : RHP John Hessler
Batting: RHB Felix Estrada 0-0: Ball
1-0: Ball
2-0: Ball
3-0: Base on Balls
Batting: RHB Ronald Lee 0-0: Ball
1-0: Bunt missed!
1-1: Ball
2-1: Bunted foul
2-2: Strikes out swinging
Batting: RHB Russ Quetti 0-0: Ball
Felix Estrada is caught stealing 2nd base 2-4
1-0: Ball
2-0: SINGLE (Flyball, 56D, EV 90.6 MPH)
Batting: RHB William Lajoie 0-0: Ball
1-0: Ball
2-0: Foul Ball, location: 2F
2-1: Swinging Strike
2-2: Strikes out swinging
Bottom of the 5th over - 0 runs, 1 hit, 0 errors, 1 left on base; Salem 4 - Lynchburg 4
TOP OF THE 6TH
Salem Rebels batting - Pitching for Lynchburg Hillcats : RHP Chuck Davis
Batting: RHB John Schaive 0-0: Reached on error, E6 (Popup, 6MS, EV 68.1 MPH)
Batting: RHB Gary Leslie 0-0: Ball
1-0: Ball
2-0: Ball
3-0: Base on Balls
John Schaive to second
Batting: RHB Steven Schields 0-0: Called Strike
0-1: Ball
1-1: Foul Ball, location: 2F
1-2: Fielders Choice at 2nd, 6-4 (Groundball, 6, EV 84.4 MPH)
John Schaive to third
Batting: RHB Michael Murray 0-0: Called Strike
Steven Schields is caught stealing 2nd base 2-4
0-1: Foul Ball, location: 2F
0-2: Foul Ball, location: 2F
0-2: Foul Ball, location: 2F
0-2: Foul Ball, location: 2F
0-2: Ball
Wild Pitch!
John Schaive scores
1-2: Ball
2-2: Ground out 1-3 (Groundball, 13, EV 70.0 MPH)
Top of the 6th over - 1 run, 0 hits, 1 error, 0 left on base; Salem 5 - Lynchburg 4
BOTTOM OF THE 6TH
Lynchburg Hillcats batting - Pitching for Salem Rebels : RHP John Hessler
Batting: RHB Richard Witt 0-0: Reached on error, E7 (Flyball, 7LM, EV 75.6 MPH)
Batting: RHB Kenneth Tillman 0-0: Swinging Strike
0-1: Ball
1-1: Called Strike
1-2: Foul Ball, location: 2F
1-2: Ball
2-2: Strikes out swinging
Batting: LHB Harold Warner 0-0: Called Strike
0-1: Foul Ball, location: 2F
0-2: Foul Ball, location: 2F
0-2: Strikes out looking
Batting: RHB Frederic Wade 0-0: Called Strike
0-1: Called Strike
0-2: Ball
1-2: Ball
2-2: SINGLE (Line Drive, 4MD, EV 96.3 MPH)
Richard Witt to second
Runner from 2nd tries for 3rd, SAFE, no throw by CF
Batting: LHB Eb MacDonald 0-0: Ball
1-0: Called Strike
1-1: Ball
2-1: Ball
3-1: Swinging Strike
3-2: Strikes out swinging
Bottom of the 6th over - 0 runs, 1 hit, 1 error, 2 left on base; Salem 5 - Lynchburg 4
TOP OF THE 7TH
Salem Rebels batting - Pitching for Lynchburg Hillcats : RHP Chuck Davis
Pitching: RHP Kevin Richards
Batting: RHB Michael Guerra 0-0: Ball
1-0: Called Strike
1-1: Called Strike
1-2: Strikes out swinging
Batting: RHB Dwayne Wright 0-0: Ball
1-0: Ball
2-0: Foul Ball, location: 2F
2-1: Ground out 6-3 (Groundball, 6, EV 106.3 MPH)
Batting: RHB Daniel Szajko 0-0: Ball
1-0: Ball
2-0: Called Strike
2-1: Ground out 1-3 (Groundball, 34S, EV 75.0 MPH)
Top of the 7th over - 0 runs, 0 hits, 0 errors, 0 left on base; Salem 5 - Lynchburg 4
BOTTOM OF THE 7TH
Lynchburg Hillcats batting - Pitching for Salem Rebels : RHP John Hessler
Batting: RHB Felix Estrada 0-0: Swinging Strike
0-1: Swinging Strike
0-2: Ball
1-2: Strikes out swinging
Batting: RHB Ronald Lee 0-0: Foul Ball, location: 2F
0-1: Ball
1-1: Ball
2-1: Fly out, F6 (Popup, 6MS, EV 68.8 MPH)
Batting: RHB Russ Quetti 0-0: Ball
1-0: Ball
2-0: Foul Ball, location: 2F
2-1: Ball
3-1: Swinging Strike
3-2: Foul Ball, location: 2F
3-2: Base on Balls
Batting: RHB Luis A Rivera 0-0: Called Strike
0-1: Ball
1-1: DOUBLE (Line Drive, 9LM, EV 105.0 MPH)
Russ Quetti to third
Runner from 3rd tries for Home, SAFE, throw by RF to home
Batting: RHB Richard Witt 0-0: Ball
1-0: Ball
2-0: Ball
3-0: Base on Balls
Batting: RHB Kenneth Tillman 0-0: Called Strike
0-1: Ball
1-1: Foul Ball, location: 2F
1-2: Foul Ball, location: 2F
1-2: Ball
2-2: Strikes out swinging
Bottom of the 7th over - 1 run, 1 hit, 0 errors, 2 left on base; Salem 5 - Lynchburg 5
TOP OF THE 8TH
Salem Rebels batting - Pitching for Lynchburg Hillcats : RHP Kevin Richards
Batting: RHB David Smith 0-0: Ball
1-0: Ball
2-0: Foul Ball, location: 2F
2-1: Swinging Strike
2-2: Ball
3-2: Base on Balls
Batting: RHB Glenn Jones 0-0: Ball
1-0: Ground out 6-3 (Groundball, 6S, EV 66.9 MPH)
David Smith to second
Batting: RHB John Schaive 0-0: Ball
David Smith steals 3rd base (no throw)
1-0: Called Strike
1-1: Foul Ball, location: 2F
1-2: SINGLE (Line Drive, 4MD, EV 98.8 MPH)
David Smith scores
Batting: RHB Gary Leslie 0-0: Fly out, F6 (Popup, P, EV 77.5 MPH)
Batting: RHB Steven Schields 0-0: Ball
1-0: Called Strike
1-1: Ball
2-1: Swinging Strike
2-2: Ball
John Schaive is caught stealing 2nd base 2-4
Top of the 8th over - 1 run, 1 hit, 0 errors, 0 left on base; Salem 6 - Lynchburg 5
BOTTOM OF THE 8TH
Lynchburg Hillcats batting - Pitching for Salem Rebels : RHP John Hessler
Batting: LHB Harold Warner 0-0: Ball
1-0: Ball
2-0: Foul Ball, location: 2F
2-1: Foul Ball, location: 2F
2-2: Ball
3-2: Base on Balls
Batting: RHB Frederic Wade 0-0: Ball
1-0: Bunt missed!
1-1: Ball
2-1: Bunt - Flyout to 25! F5
Batting: LHB Eb MacDonald 0-0: Ball
1-0: Called Strike
1-1: Sac Bunt to 3S - play at first, batter OUT! 3-1
Harold Warner to second
Batting: RHB Felix Estrada 0-0: Fly out, F8 (Flyball, 89M, EV 83.8 MPH)
Bottom of the 8th over - 0 runs, 0 hits, 0 errors, 1 left on base; Salem 6 - Lynchburg 5
TOP OF THE 9TH
Salem Rebels batting - Pitching for Lynchburg Hillcats : RHP Kevin Richards
Batting: RHB Steven Schields 0-0: Swinging Strike
0-1: Called Strike
0-2: Ball
1-2: Ball
2-2: Ground out 6-3 (Groundball, 6, EV 100.6 MPH)
Batting: RHB Michael Murray 0-0: Ball
1-0: Swinging Strike
1-1: Ball
2-1: Ball
3-1: Ground out 4-3 (Groundball, 4, EV 103.1 MPH)
Batting: RHB Michael Guerra 0-0: Ball
1-0: Fly out, F9 (Flyball, 89M, EV 90.6 MPH)
Top of the 9th over - 0 runs, 0 hits, 0 errors, 0 left on base; Salem 6 - Lynchburg 5
BOTTOM OF THE 9TH
Lynchburg Hillcats batting - Pitching for Salem Rebels : RHP John Hessler
Pitching: RHP Timothy Justus
Pinch Hitting: LHB Stanley Cannon 0-0: Ball
1-0: Ball
2-0: Swinging Strike
2-1: Swinging Strike
2-2: Ball
3-2: Base on Balls
Batting: RHB Russ Quetti 0-0: Called Strike
0-1: Fly out, F7 (Flyball, 78D, EV 93.8 MPH)
Batting: RHB Luis A Rivera 0-0: Ball
1-0: Called Strike
1-1: Swinging Strike
1-2: Ball
2-2: Ball
3-2: Base on Balls
Stanley Cannon to second
Batting: RHB Richard Witt 0-0: Grounds into double play, 4-6-3 (Groundball, 4, EV 81.3 MPH)
Bottom of the 9th over - 0 runs, 0 hits, 0 errors, 1 left on base; Salem 6 - Lynchburg 5
Wednesday, August 19th, 2020 - OOTP Baseball 21.5 Build 76